 Dungeon Crawl Stone Soup version 0.30-b1-2-g02819fbbbe (webtiles) character file.

Game seed: 17311654843041351226

5256 emikaela the Caller (level 10, -3/86 HPs)
             Began as an Armataur Summoner on May 15, 2023.
             Was an Initiate of the Shining One.
             Slain by a death yak (19 damage)
             ... on level 8 of the Dungeon.
             The game lasted 00:52:07 (10274 turns).

emikaela the Caller (Armataur Summoner)            Turns: 10274, Time: 00:52:08

Health: -3/86      AC: 13    Str: 14    XL:     10   Next: 36%
Magic:  5/26       EV:  7    Int: 19    God:    the Shining One [......]
Gold:   52         SH:  0    Dex: 11    Spells: 4/19 levels left

rFire   . . .        k - +2 spear (venom)
rCold   + . .        (no shield)
rNeg    . . .        K - +1 robe {rC+}
rPois   .            (no helmet)
rElec   .            l - +2 cloak
rCorr   .            h - +0 pair of gloves
SInv    +            G - +0 barding
Will    .....        (no amulet)
Stlth   +            M - ring of magical power
HPRegen 0.34/turn    v - ring of see invisible
MPRegen 0.20/turn

%: roll
@: glowing
A: large, rugged brown scales 3, deformed body, armoured tail, roll, long
tongue, awkward tongue
a: Renounce Religion


You were on level 8 of the Dungeon.
You worshipped the Shining One.
The Shining One was noncommittal.
You visited 2 branches of the dungeon, and saw 10 of its levels.
You also visited: Sewer.

You collected 500 gold pieces.
You spent 448 gold pieces at shops.

Inventory:

Hand Weapons
 k - a +2 spear of venom (weapon)
 I - a +3 dagger of venom
Missiles
 j - 3 silver javelins
 n - 4 throwing nets {!f}
 q - 5 datura-tipped darts
 s - 99 stones (quivered)
 H - 9 poisoned darts
 O - 5 boomerangs
Armour
 h - a +0 pair of gloves (worn)
 l - a +2 cloak (worn)
 G - a +0 barding (worn)
 K - a +1 robe of cold resistance (worn)
 Q - a +0 kite shield
Magical Staves
 y - a staff of conjuration
Jewellery
 v - a ring of see invisible (right hand)
 A - a ring of positive energy
 M - a ring of magical power (left hand)
 R - a ring of fire
Wands
 B - a wand of iceblast (11)
 F - a wand of flame (7)
 L - a wand of mindburst (19)
Scrolls
 a - a scroll of noise {unknown}
 f - 2 scrolls of fear
 i - a scroll of identify
 m - 3 scrolls of magic mapping
 o - 2 scrolls of immolation {!r}
 p - 3 scrolls of teleportation
 z - a scroll of silence {!r}
 C - 3 scrolls of poison {!r}
 D - a scroll of amnesia
 E - 2 scrolls of blinking {unknown}
 J - a scroll of vulnerability {unknown}
 N - 3 scrolls of enchant weapon
 P - a scroll of acquirement {unknown}
 T - a scroll of enchant armour {unknown}
Potions
 b - a potion of magic
 c - 2 potions of flight
 d - 6 potions of curing {unknown}
 e - 2 potions of resistance
 g - 2 potions of mutation {!q}
 r - a potion of attraction {!q}
 t - 2 potions of haste
 u - 2 potions of lignification {!q}
 w - a potion of heal wounds
 x - a potion of cancellation
 S - a potion of ambrosia {unknown}


   Skills:
 - Level 5.0 Fighting
 - Level 1.3 Dodging
 - Level 5.0 Stealth
 - Level 5.0 Spellcasting
 - Level 2.0 Hexes
 + Level 7.9 Summonings
 + Level 4.7 Ice Magic
 * Level 4.5 Air Magic
 - Level 5.0 Evocations


You had 4 spell levels left.
You knew the following spells:

 Your Spells              Type           Power      Damage    Failure   Level
a - Summon Small Mammal   Summ           100%       N/A       1%          1
b - Summon Ice Beast      Ice/Summ       28%        N/A       9%          4
c - Call Canine Familiar  Summ           34%        N/A       1%          3
g - Summon Guardian Gole  Hex/Summ       23%        N/A       4%          3
s - Summon Lightning Spi  Summ/Air       28%        N/A       10%         4

Your spell library contained the following spells:

 Spells                   Type           Power      Damage    Failure   Level
 Call Imp                 Summ           68%        N/A       1%          2
 Frozen Ramparts          Ice            44%        1d7       5%          3
 Cigotuvi's Dreadful Rot  Necr/Pois/Air  20%        N/A       10%         2
 Dazzling Flash           Conj/Hex       16%        N/A       24%         3
 Ignite Poison            Fire/Tmut/Pois 4%         N/A       36%         3
 Volatile Blastmotes      Fire/Tloc      8%         2d10      36%         3
 Ice Form                 Ice/Tmut       13%        N/A       43%         4
 Iskenderun's Mystic Bla  Conj/Tloc      4%         2d3       77%         4
 Freezing Cloud           Conj/Ice/Air   8%         6-21      69%         5
 Starburst                Conj/Fire      2%         6d3       100%        6


Dungeon Overview and Level Annotations

Branches:
Dungeon (9/15)             Temple (1/1) D:7             Orc (0/2) D:9
  Sewer (visited)
   Lair: D:8-11

Altars:
Ashenzari
Cheibriados
Dithmenos
Fedhas
Hepliaklqana
Kikubaaqudgha
Makhleb
Okawaru
Qazlal
Ru
Sif Muna
Trog
Uskayaw
Vehumet
Xom
Yredelemnul
Zin
The Shining One

Shops:
D:4 ((

Annotations:
D:6 1 exclusion


Innate Abilities, Weirdness & Mutations

You are completely covered in rugged brown scales. (AC +3, +7% HP)
Armour fits poorly on your strangely shaped body.
You have a long armoured tail.
You roll when moving toward enemies. (Rampage)
Your long tongue fully drains potion bottles. (2x potion effects)
Your tongue gives you trouble enunciating. (1.5x scroll delay)


Message History

The death yak is moderately wounded.
Your ice beast hits the death yak.
Your ice beast freezes the death yak!
Your lightning spire shoots out a bolt of lightning at the death yak!
The bolt of electricity hits the death yak.
The death yak gores your lightning spire.
The death yak gores you.
You hit the death yak.
The death yak is heavily wounded.
Your ice beast hits the death yak but does no damage.
Your lightning spire shoots out a bolt of lightning at the death yak!
The bolt of electricity hits the death yak.
The death yak gores your lightning spire.
The death yak barely misses you.
You hit the death yak but do no damage.
The death yak looks as sick as possible!
The death yak is severely wounded.
Your lightning spire disappears in a puff of smoke!
Your ice beast hits the death yak.
Your ice beast freezes the death yak!
The death yak closely misses you. The death yak barely misses you.
Your magical contamination has completely faded away.
Casting: Summon Guardian Golem (dangerous; 4% risk of failure)
Confirm with . or Enter, or press ? or * to list all spells.
An electric hum fills the air.
* * * LOW MAGIC WARNING * * *
Your ice beast hits the death yak but does no damage.
The death yak closely misses you. The death yak gores you.
You hit the death yak but do no damage.
The death yak looks as sick as possible!
The death yak is almost dead.
Your ice beast hits the death yak but does no damage.
The death yak gores you! x2
The death yak attacks as you move away! The death yak misses you.
Your ice beast hits the death yak but does no damage.
As you slowly read the scroll of fear, it crumbles to dust.
You assume a fearsome visage.
The death yak resists with almost no effort.
The death yak easily resists.
The death yak gores you!!
* * * LOW HITPOINT WARNING * * *
The death yak gores you!!
You die...

#....# ######## #....###
#####....).#### #......
...<'......'..# ###....#
#####......#########......#
....#......'.......#......#
....#......#######8#......#####
....#.###### #..@#.#..........#
....#.##### #..YY.##'#.......#
....#.#...# ###.Y....#)......#
..).#.#...# #>.....'[))....#
..[.#.#...# #.######..........
####......# #.# #.............
####......# #.# #....####.....
..........# #.# #....# .....
###.#'##### #.# #....# ....


You could see 2 death yaks and a friendly ice beast (summoned).

Vanquished Creatures
  Pikel (D:8)
  A yak (D:8)
  A water moccasin (Sewer)
  Duvessa (D:5)
  A sky beast (D:7)
  A black bear (D:4)
  An orc warrior (D:7)
  A centaur (D:6)
  A phantom (D:5)
  3 gnoll sergeants
  A bullfrog (D:7)
  2 scorpions (D:5)
  4 wights
  2 hounds
  3 orc priests
  A jelly (D:5)
  A gnoll bouda (D:7)
  A sleepcap (D:4)
  6 iguanas
  4 orc wizards
  7 gnolls
  9 adders
  A shadow imp (D:7)
  An ufetubus (D:7)
  A worm (D:4)
  23 orcs
  5 endoplasms
  2 giant cockroaches (D:1)
  8 goblins
  2 hobgoblins
  2 jackals (Sewer)
  4 ball pythons
  4 bats
  3 frilled lizards
  6 kobolds
  4 rats
119 creatures vanquished.

Vanquished Creatures (collateral kills)
  A death yak (D:8)
  A wyvern (D:9)
  A steam dragon (D:7)
  An acid dragon (D:9)
  A water moccasin (D:7)
  An orc warrior (D:9)
  2 black bears (D:6)
  A sky beast (D:7)
  An ice beast (D:6)
  A centaur (D:7)
  3 ogres
  A phantom (D:5)
  A kobold brigand (D:5)
  A scorpion (D:5)
  4 wights
  Dowan (D:5)
  4 orc wizards
  2 iguanas
  6 gnolls
  3 adders (D:4)
  A white imp (D:7)
  An ufetubus (D:4)
  2 worms (D:3)
  22 orcs
  2 goblins (D:4)
  A jackal (Sewer)
  6 kobolds
  A quokka (D:4)
  A ball python (D:3)
  A spectral goblin (D:4)
75 creatures vanquished.

Vanquished Creatures (others)
  A wight (D:6)
  A sleepcap (D:6)
  An orc wizard (D:6)
3 creatures vanquished.

Grand Total: 197 creatures vanquished

Notes
Turn   | Place    | Note
-------+----------+-------------------------------------------
     0 | D:1      | emikaela the Armataur Summoner began the quest for the Orb.
     0 | D:1      | Reached XP level 1. HP: 14/14 MP: 3/3
   308 | D:1      | Reached XP level 2. HP: 21/21 MP: 5/5
   347 | D:1      | Learned a level 2 spell: Call Imp
   928 | D:2      | Reached skill level 1 in Fighting
   928 | D:2      | Reached XP level 3. HP: 23/29 MP: 3/6
   934 | D:2      | Reached skill level 4 in Summonings
  1082 | D:2      | Learned a level 3 spell: Call Canine Familiar
  1251 | D:2      | Found a sacrificial altar of Ru.
  1544 | D:2      | Reached XP level 4. HP: 35/38 MP: 4/7
  2273 | D:3      | Identified the +3 mace of Arbitration {vamp, +Blink Int+2}
  2507 | D:4      | Found Couj's Antique Weapon Boutique.
  2601 | D:4      | Found a sacrificial altar of Ru.
  2608 | D:4      | Found a hazy altar of Hepliaklqana.
  2650 | D:4      | Found a shimmering altar of Xom.
  2720 | D:4      | Reached XP level 5. HP: 38/43 MP: 8/8
  2847 | D:4      | Noticed a black bear
  2860 | D:4      | Killed a black bear
  2861 | D:4      | Reached skill level 5 in Summonings
  2878 | D:4      | Reached XP level 6. HP: 51/51 MP: 9/9
  3038 | D:4      | Found a glowing drain.
  3051 | Sewer    | Entered a sewer
  3126 | Sewer    | Noticed a water moccasin
  3145 | Sewer    | Killed a water moccasin
  3146 | Sewer    | Reached skill level 6 in Summonings
  3239 | Sewer    | Learned a level 3 spell: Summon Guardian Golem
  3297 | D:4      | Found Ytabb's Weapon Shoppe.
  3323 | D:4      | Found Apsorr's Magic Scroll Boutique.
  3347 | D:4      | Bought a scroll of poison for 56 gold pieces
  3347 | D:4      | Bought a scroll of teleportation for 42 gold pieces
  3347 | D:4      | Bought a scroll of amnesia for 56 gold pieces
  3580 | D:4      | Bought a scroll of identify for 28 gold pieces
  3595 | D:5      | Entered Level 5 of the Dungeon
  3605 | D:5      | Reached XP level 7. HP: 55/58 MP: 10/10
  3673 | D:5      | Reached skill level 1 in Evocations
  3740 | D:5      | Reached skill level 1 in Hexes
  4137 | D:5      | Found a broken altar of Ashenzari.
  4313 | D:5      | Found a blossoming altar of Fedhas.
  4520 | D:5      | Found a shadowy altar of Dithmenos.
  4521 | D:5      | Found a radiant altar of Vehumet.
  4524 | D:5      | Found an iron altar of Okawaru.
  4578 | D:5      | Noticed Duvessa
  4578 | D:5      | Noticed Dowan
  4595 | D:5      | Killed Duvessa
  4596 | D:5      | Reached XP level 8. HP: 42/67 MP: 9/12
  4611 | D:5      | Killed Dowan
  5250 | D:6      | Reached skill level 7 in Summonings
  5845 | D:6      | Reached skill level 5 in Stealth
  6089 | D:6      | Reached XP level 9. HP: 77/77 MP: 15/15
  6094 | D:6      | Learned a level 4 spell: Summon Ice Beast
  6436 | D:4      | Bought a scroll of enchant weapon for 105 gold pieces
  6436 | D:4      | Bought a scroll of immolation for 56 gold pieces
  6665 | D:7      | Reached skill level 1 in Ice Magic
  6809 | D:7      | Found a stormy altar of Qazlal.
  7257 | D:7      | Reached skill level 5 in Fighting
  7326 | D:7      | Found a staircase to the Ecumenical Temple.
  7337 | Temple   | Entered the Ecumenical Temple
  7386 | Temple   | Became a worshipper of the Shining One
  7490 | D:7      | Reached skill level 5 in Spellcasting
  7496 | D:7      | Learned a level 4 spell: Summon Lightning Spire
  7668 | D:7      | Reached skill level 1 in Air Magic
  8093 | D:8      | Noticed Pikel
  8104 | D:8      | Killed Pikel
  8105 | D:8      | Reached skill level 5 in Evocations
  8167 | D:8      | Reached XP level 10. HP: 68/86 MP: 17/17
  8227 | D:8      | Noticed a death yak
  8423 | D:4      | Bought a scroll of magic mapping for 105 gold pieces
  8954 | D:8      | Noticed a death yak
  9024 | D:8      | Noticed a death yak
  9284 | D:9      | Found a glowing silver altar of Zin.
  9284 | D:9      | Found a burning altar of Makhleb.
  9285 | D:9      | Noticed a green death
  9285 | D:9      | Noticed an angel
  9316 | D:9      | Found a staircase to the Orcish Mines.
 10260 | D:8      | Killed a death yak
 10274 | D:8      | Slain by a death yak

Illustrated notes

Levels and vault maps discovered:
D:1:      dpeg_arrival_three_bigger_balls, layout_loops_ring
D:2:      layout_basic, basic_altar
D:3:      layout_loops_ring
D:4:      minmay_skewed_foursquare, layout_basic, kennysheep_mini_moat,
          nicolae_hepliaklqana_monster_ancestors, mainiacjoe_overflow_catwalk,
          serial_shops, shop, nicolae_shop_tiny_real_fake_doors,
          nicolae_shop_dealshenge, portal_sewer_entry_d
D:5:      layout_layer_cave, gammafunk_temple_overflow_forgotten,
          ashenzari_altar_1, kennysheep_little_box, uniq_duvessa
D:6:      layout_cave_pools, due_unseen_surprise
D:7:      layout_gridville, mainiacjoe_overflow_brackets,
          minmay_temple_entry_purple_smoke
D:8:      layout_basic, minitemple, dpeg_lair_monsters, uniq_maggie, uniq_pikel
D:9:      layout_roguey [special_room_orc], mainiacjoe_overflow_24_doors,
          lemuel_round_altar, grunt_temple_overflow_order_and_chaos_2,
          minmay_orc_entry_temple_small, uniq_grum
Temple:   nicolae_temple_ecumenical_triangle

Skill      XL: |  1  2  3  4  5  6  7  8  9 10 |
---------------+-------------------------------+-----
Spellcasting   | 2 3 4 5 |  5.0
Fighting       | 1 2 3 4 5 |  5.0
Summonings     | 4 5 6 7 |  7.9
Evocations     | 2 3 5 |  5.0
Hexes          | 2 |  2.0
Stealth        | 5 |  5.0
Ice Magic      | 3 4 |  4.7
Air Magic      | 2 4 |  4.5
Dodging        | |  1.3

Action                     |  1- 3 |  4- 6 |  7- 9 | 10-12 || total
---------------------------+-------+-------+-------+-------++-------
  Melee: Trident           |    68 |    36 |       |       ||   104
         Tailslap          |     9 |     9 |    32 |     4 ||    54
         Mace              |       |    70 |   176 |       ||   246
         Punch             |       |     1 |     1 |       ||     2
         Dagger            |       |       |    35 |       ||    35
         Spear             |       |       |    19 |    56 ||    75
   Cast: Summon Small Mamm |     3 |     7 |    28 |       ||    38
         Call Imp          |     4 |     6 |    26 |       ||    36
         Call Canine Famil |       |    13 |    37 |    14 ||    64
         Summon Guardian G |       |       |     2 |     1 ||     3
         Summon Ice Beast  |       |       |     8 |    18 ||    26
         Summon Lightning  |       |       |       |     4 ||     4
    Use: Scroll            |     4 |     6 |     4 |     1 ||    15
   Stab: Sleeping          |    10 |     3 |     3 |       ||    16
         Distracted        |       |     1 |     3 |       ||     4
 Armour: Robe              |    17 |    53 |   160 |    21 ||   251
  Dodge: Dodged            |    27 |    42 |   100 |    16 ||   185
